Cogmind - Beta 16 @@@ ROGUE MODE // 2025.11.04 @ 19:41:25 Player: ChromeKnight Result: Destroyed by 03-370(h) with Bolt Gun Performance ------------- Evolutions (2) 1000 Regions Visited (8) 1600 Robots Destroyed (39) 195 Value Destroyed (918) 918 Prototype IDs (0) 0 Alien Tech Used (0) 0 Bonus (0) 0 TOTAL SCORE: 3713 Bonus ------- None Cogmind --------- Core Integrity 0/550 Matter 295/300 Energy 100/100 System Corruption 1% Temperature Cool (0) Movement Core (50) Location -8/Scraptown Parts ------- > --- POWER (1) -------- (None) > --- PROPULSION (4) --- (None) > --- UTILITY (4) ------ (None) > --- WEAPON (2) ------- (None) > --- INVENTORY (5) ---- Fusion Compressor Heat Sink Advanced Weight Redist. System Makeshift Sword Peak State ------------ > --- POWER ------------ Reinforced Ion Engine > --- PROPULSION ------- Light Treads Improved Treads Advanced Treads Improved Medium Treads > --- UTILITY ---------- High-capacity Storage Unit Advanced Signal Interpreter Heavy Armor Plating > --- WEAPON ----------- EM Pulse Cannon Minigun > --- INVENTORY -------- Light Deuterium Engine Light Nuclear Core Fusion Compressor VTOL Module Cesium-ion Thruster Heat Sink Advanced Weight Redist. System Advanced Sensor Array Improved Melee Analysis Suite Reaction Control System Medium Armor Plating Arc Projector Beam Rifle Beam Rifle Field Laser Field Laser Assault Cannon Improved Grenade Launcher CPS Tube Makeshift Sword [Rating: 37] Favorites ----------- Power Reinforced Ion Engine Engine Reinforced Ion Engine Power Core Light Nuclear Core Propulsion Light Treads Treads Light Treads Flight Unit Cesium-ion Thruster Utility High-capacity Storage Unit Device Heat Sink Storage High-capacity Storage Unit Processor Improved Signal Interpreter Protection Heavy Armor Plating Weapon Assault Rifle Energy Cannon EM Pulse Cannon Ballistic Gun Assault Rifle Ballistic Cannon Assault Cannon Special Weapon CPS Tube Build | -11 -10 -10 -10 -9 -8 -8 -8 -8 ------- Run | Yrd Mat Min Exi Min Mat Sto Rec Scr Slots Evolved 4 | . . . . . 4 . . . Power . | . . . . . . . . . Propulsion 2 | . . . . . 2 . . . Utility 2 | . . . . . 2 . . . Weapon . | . . . . . . . . . Parts Attached 47 | 6 4 4 . 9 7 5 2 10 Power 4 | 1 . 2 . 1 . . . . Engine 3 | 1 . 1 . 1 . . . . Core 1 | . . 1 . . . . . . Reactor . | . . . . . . . . . Propulsion 13 | 2 . . . 3 2 1 . 5 Treads 10 | 2 . . . 3 2 1 . 2 Leg . | . . . . . . . . . Wheel . | . . . . . . . . . Hover . | . . . . . . . . . Flight 3 | . . . . . . . . 3 Utility 12 | 1 1 . . 1 4 1 1 3 Device 4 | . . . . . 2 1 1 . Storage 3 | 1 1 . . . 1 . . . Processor 3 | . . . . 1 1 . . 1 Hackware . | . . . . . . . . . Protection 2 | . . . . . . . . 2 Artifact . | . . . . . . . . . Weapon 18 | 2 3 2 . 4 1 3 1 2 Energy Gun . | . . . . . . . . . Energy Cannon 1 | . . . . . 1 . . . Ballistic Gun 15 | 2 3 2 . 4 . 3 1 . Ballistic Cannon 1 | . . . . . . . . 1 Launcher . | . . . . . . . . . Special Weapon 1 | . . . . . . . . 1 Impact Weapon . | . . . . . . . . . Slashing Weapon . | . . . . . . . . . Piercing Weapon . | . . . . . . . . . Special Melee Weapon . | . . . . . . . . . Unidentified Prototypes . | . . . . . . . . . Parts Lost 14 | . . . . 5 . . 1 8 Power 2 | . . . . 1 . . . 1 Propulsion 6 | . . . . 2 . . . 4 Utility 3 | . . . . . . . 1 2 Weapon 3 | . . . . 2 . . . 1 Highest Loss Streak 7 | . . . . 5 . . 1 7 To Critical Strikes . | . . . . . . . . . Average Backups 14 | . 3 10 10 8 8 17 19 19 Power . | . . . . . . . 1 2 Propulsion 2 | . 1 2 2 1 . 2 4 3 Utility 3 | . . 1 1 . 2 5 6 5 Weapon 7 | . 1 7 7 6 6 8 8 7 Tool/Special . | . . . . . . . . . Unused Backups 21 | . . . . . . 1 . 20 Power 3 | . . . . . . . . 3 Propulsion 3 | . . . . . . . . 3 Utility 6 | . . . . . . . . 6 Weapon 9 | . . . . . . 1 . 8 Tool/Special . | . . . . . . . . . Average Slot Usage (%) 87 | . 85 85 85 90 86 100 91 80 Engine 8 | . 14 1 14 11 9 9 9 8 Core 1 | . . 12 . . . . . . Treads 30 | . 28 28 28 26 31 36 31 28 Device 6 | . . . . . 9 18 14 1 Storage 10 | . 14 14 14 14 9 9 9 8 Processor 6 | . . . . 9 9 9 9 8 Protection 2 | . . . . . . . . 7 Energy Cannon 5 | . . . . . 7 9 4 7 Ballistic Gun 15 | . 28 28 28 27 10 9 13 10 Peak Build Rating 37 | 6 7 9 7 9 20 26 24 37 Average Rating 19 | 4 6 8 7 7 16 22 20 27 On Entrance 11 | . 6 7 7 7 9 20 24 19 Avg Prop Armor Cover (%) . | . . . . . . . . . Naked Turns 24 | . . . . . . . . 24 Heaviest Build 74 | 11 17 19 15 24 60 60 60 74 Greatest Support 95 | 40 40 40 40 40 80 82 82 95 Greatest Overweight (x) 1 | . . . . . . . . 1 Average Overweight (x) . | . . . . . . . . . Largest Inventory Capacity 20 | 8 10 10 10 10 20 20 20 20 Average Capacity 16 | 6 9 10 10 10 13 20 20 19 Most Carried 20 | . 10 10 10 10 14 20 20 20 Average Carried 15 | . 3 10 10 8 8 17 20 19 Final Capacity 20 | 8 10 10 10 10 20 20 20 5 Final Carried 20 | . 10 10 10 7 14 20 20 4 Class Distribution -------------------- 38% | Scavenger-Mutant 35% | Commander-Mutant 25% | Mutant Dominant Class ---------------- Mutant | -10/Materials Mutant | -10/Mines Scavenger-Mutant | -10/Exiles Scavenger-Mutant | -9/Mines Scavenger-Mutant | -8/Materials Scavenger-Mutant | -8/Storage Scavenger-Mutant | -8/Recycling Commander-Mutant | -8/Scraptown Resources | -11 -10 -10 -10 -9 -8 -8 -8 -8 ----------- Run | Yrd Mat Min Exi Min Mat Sto Rec Scr Matter Collected 1233 | 195 223 116 . 122 126 201 94 156 Remotely . | . . . . . . . . . Salvage Created 1375 | . 377 146 . 92 306 294 160 . Parts 91 | . 26 11 . 7 23 12 12 . Haulers Intercepted 5 | . 1 . . . 3 1 . . Recyclers Shooed 3 | . . . . . 1 1 1 . Parts Field Recycled . | . . . . . . . . . Retrieved Matter . | . . . . . . . . . Parts Self-Destructed . | . . . . . . . . . Prevented . | . . . . . . . . . Parts Restored . | . . . . . . . . . Kills | -11 -10 -10 -10 -9 -8 -8 -8 -8 ------- Run | Yrd Mat Min Exi Min Mat Sto Rec Scr Combat Hostiles Destroyed 31 | . 10 5 . 5 4 4 3 . Guns 25 | . 10 5 . 5 . 2 3 . Cannons 4 | . . . . . 3 1 . . AOE 2 | . . . . . 1 1 . . Classes Destroyed 8 | . 3 . . . 2 2 1 . Builder 2 | . . . . . 2 . . . Hauler 5 | . 1 . . . 3 1 . . Operator 1 | . . . . . . 1 . . Swarmer 13 | . 3 3 . 4 3 . . . Grunt 11 | . 7 2 . . . 2 . . Sentry 4 | . . . . . 1 1 2 . Hunter 1 | . . . . . . 1 . . Programmer 1 | . . . . . . . 1 . Best Kill Streak 6 | . 6 3 . 4 4 3 2 . Combat Bots Only 6 | . 6 3 . 4 3 3 2 . Max Kills in Single Turn 1 | . 1 1 . 1 1 1 1 . Gunslinging . | . . . . . . . . . Exploded 1 | . . . . . 1 1 . . Melee . | . . . . . . . . . Uniques/NPCs Destroyed 1 | . . . . 1 . . . . YI-UF0 (-9/Mines) Combat | -11 -10 -10 -10 -9 -8 -8 -8 -8 -------- Run | Yrd Mat Min Exi Min Mat Sto Rec Scr Hostile Shots Fired 292 | . 37 31 . 38 11 20 26 129 Missed 68 | . 8 7 . 12 4 2 4 31 Hits 224 | . 29 24 . 26 7 18 22 98 Melee 16 | . . . . . . . . 16 Projectile 208 | . 29 24 . 26 7 18 22 82 AOE 18 | . . . . 18 . . . . Critical Strikes 11 | . 1 3 . . . . 3 4 Damage Taken 3454 | . 321 262 . 628 69 316 334 1524 Core 777 | . 45 48 . 128 . 17 59 480 Absorbed by Shields 36 | . . . . . . . . 36 Core Remaining (%) 55 | 100 . . . 11 . . . . Volleys Fired 116 | . 26 15 . 14 18 25 12 6 Largest 2 | . 2 2 . 2 2 2 2 2 Hottest 83 | . 40 40 . 40 83 83 40 62 Shots Fired 234 | . 52 30 . 28 36 53 24 11 Gun 184 | . 52 30 . 28 18 27 24 5 Cannon 49 | . . . . . 18 26 . 5 Launcher . | . . . . . . . . . Special 1 | . . . . . . . . 1 Kinetic 189 | . 52 30 . 28 18 27 24 10 Thermal . | . . . . . . . . . Explosive . | . . . . . . . . . Electromagnetic 44 | . . . . . 18 26 . . Robot Hit Streak 22 | . 13 5 . 7 8 8 11 22 Robot Miss Streak 3 | . 1 2 . 2 3 2 1 . Penetration Max . | . . . . . . . . . Secondary Targets 5 | . 1 2 . 2 . . . . Max Gunslinging Chain 1 | . 1 1 . 1 . . . . Shots Hit Robots 163 | . 40 20 . 20 19 35 18 11 Core Hits 70 | . 20 8 . 9 12 12 6 3 Critical Kills 2 | . 2 . . . . . . . Critical Parts Destroyed 1 | . . . . . . . 1 . Critical Strikes 3 | . 2 . . . . . 1 . Destroy 3 | . 2 . . . . . 1 . Melee Attacks . | . . . . . . . . . Impact . | . . . . . . . . . Slashing . | . . . . . . . . . Piercing . | . . . . . . . . . Sneak Attacks . | . . . . . . . . . Combat Hostiles . | . . . . . . . . . Follow-up Attacks . | . . . . . . . . . Damage Inflicted 2660 | . 462 262 . 197 486 759 289 205 Guns 1547 | . 462 262 . 197 85 175 282 84 Cannons 948 | . . . . . 324 503 . 121 Explosions 158 | . . . . . 77 81 . . Melee . | . . . . . . . . . Ramming 7 | . . . . . . . 7 . Kinetic 1668 | . 462 262 . 197 85 175 282 205 Thermal 158 | . . . . . 77 81 . . Explosive . | . . . . . . . . . Electromagnetic 827 | . . . . . 324 503 . . Impact . | . . . . . . . . . Slashing . | . . . . . . . . . Piercing . | . . . . . . . . . Highest Corruption 2 | . . . . . . 2 2 1 Average Corruption 1 | . . . . . . 2 2 1 Corruption Purged . | . . . . . . . . . Corruption Blocked . | . . . . . . . . . Effects 27 | . . . . . . 12 15 . Message Errors 6 | . . . . . . 4 2 . Matter Fused 10 | . . . . . . 4 6 . Heat Flow Errors 1 | . . . . . . . 1 . Energy Discharges 4 | . . . . . . 1 3 . Parts Rejected 1 | . . . . . . . 1 . Data Loss (minor) 2 | . . . . . . . 2 . Misfires 3 | . . . . . . 3 . . Overload Shots . | . . . . . . . . . Overflow Damage 23 | . . . . . . 23 . . Projectiles 23 | . . . . . . 23 . . Explosions . | . . . . . . . . . Melee . | . . . . . . . . . Knockbacks . | . . . . . . . . . Impact . | . . . . . . . . . Kinetic . | . . . . . . . . . Secondary . | . . . . . . . . . Self-Inflicted Damage 42 | . . . . . . 42 . . Shots 2 | . . . . . . 2 . . Rammed 1 | . . . . . . . 1 . Targets Rammed 1 | . . . . . . . 1 . Kicked . | . . . . . . . . . Crushed . | . . . . . . . . . Highest Temperature 231 | . 20 20 . . 75 7 231 221 Average Temperature 41 | . 6 10 . . 28 4 100 114 Received Heat Transfer 793 | . 165 147 . . 9 63 90 319 Siege Activations . | . . . . . . . . . Martial Activations . | . . . . . . . . . Shielding Activations . | . . . . . . . . . Robots Disrupted . | . . . . . . . . . Combat Hostiles . | . . . . . . . . . Robots Corrupted . | . . . . . . . . . Combat Hostiles . | . . . . . . . . . Parts Fried 2 | . . . . . . 2 . . Impact Corruptions . | . . . . . . . . . Robots Melted . | . . . . . . . . . Combat Hostiles . | . . . . . . . . . Parts Melted . | . . . . . . . . . Heat Transferred 200 | . . . . . 150 50 . . Parts Sabotaged . | . . . . . . . . . Parts Stolen 2 | . . . . . . . . 2 Parts Stripped . | . . . . . . . . . Power Chain Reactions 4 | . . . . . 2 2 . . Alert | -11 -10 -10 -10 -9 -8 -8 -8 -8 ------- Run | Yrd Mat Min Exi Min Mat Sto Rec Scr Maximum Alert Level . | . . . . . . . . . Low Security (%) 100 | 100 100 100 . 100 100 100 100 . Level 1 . | . . . . . . . . . Level 2 . | . . . . . . . . . Level 3 . | . . . . . . . . . Level 4 . | . . . . . . . . . Level 5 . | . . . . . . . . . High Security . | . . . . . . . . . Max Security . | . . . . . . . . . Peak Influence 120 | . 120 82 . 90 73 80 40 . Initial 42 | . . 42 . . . 19 . . Average 14 | . 43 16 . 30 16 11 2 . Influence Increases 828 | . 237 120 . 90 152 169 60 . Destroy 0b10 Robot/C 600 | . 200 100 . 80 80 80 60 . Destroy 0b10 Robot/NC 40 | . 5 . . . 25 10 . . Destroy Leader 120 | . 32 20 . 10 26 32 . . Successful Hack 5 | . . . . . . 5 . . Disable Machine 45 | . . . . . 15 30 . . Destroy Structure 18 | . . . . . 6 12 . . Influence Decreases 828 | . 127 184 46 90 105 216 60 . Entered New Map 142 | . . 68 46 . . 28 . . Time Decay 652 | . 127 116 . 60 105 188 56 . Lost Part 34 | . . . . 30 . . 4 . Squads Dispatched 3 | . 1 . . . . 2 . . Investigation 2 | . 1 . . . . 1 . . Extermination . | . . . . . . . . . Reinforcement 1 | . . . . . . 1 . . Assault . | . . . . . . . . . Garrison . | . . . . . . . . . Intercept . | . . . . . . . . . Searches Triggered . | . . . . . . . . . Construction Impeded . | . . . . . . . . . Haulers Reinforced . | . . . . . . . . . Active Scanning Responses . | . . . . . . . . . Cargo Convoy Interrupts . | . . . . . . . . . Stealth | -11 -10 -10 -10 -9 -8 -8 -8 -8 --------- Run | Yrd Mat Min Exi Min Mat Sto Rec Scr Distress Signals 1 | . . . . . 1 . . . Communications Jammed . | . . . . . . . . . Distress Signals . | . . . . . . . . . Times Spotted 64 | . 12 5 . 7 8 5 3 24 Peak Tracking Total 41 | . 4 3 . 3 3 2 2 41 Tactical Retreats 2 | . . . . . . . . 2 Traps | -11 -10 -10 -10 -9 -8 -8 -8 -8 ------- Run | Yrd Mat Min Exi Min Mat Sto Rec Scr Traps Triggered 1 | . . . . . . 1 . . Indirectly . | . . . . . . . . . Trap Hack Attempts . | . . . . . . . . . Triggered . | . . . . . . . . . Disarmed . | . . . . . . . . . Reprogrammed . | . . . . . . . . . Reused . | . . . . . . . . . Traps Extracted . | . . . . . . . . . Installed . | . . . . . . . . . Triggered . | . . . . . . . . . Machines | -11 -10 -10 -10 -9 -8 -8 -8 -8 ---------- Run | Yrd Mat Min Exi Min Mat Sto Rec Scr Machines Disabled 3 | . . . . . 1 2 . . Max in Single Turn 1 | . . . . . 1 1 . . Garrison Access 1 | . . . . . . 1 . . Machines Repaired . | . . . . . . . . . Machines Dismantled . | . . . . . . . . . Machines Sabotaged . | . . . . . . . . . Overloaded Fab Kills . | . . . . . . . . . Hacking | -11 -10 -10 -10 -9 -8 -8 -8 -8 --------- Run | Yrd Mat Min Exi Min Mat Sto Rec Scr Machines Accessed 7 | . 1 . . . . 4 1 1 Terminals 5 | . 1 . . . . 3 1 . Fabricators . | . . . . . . . . . Repair Stations . | . . . . . . . . . Recycling Units . | . . . . . . . . . Scanalyzers . | . . . . . . . . . Garrison Access 1 | . . . . . . 1 . . Total Hacks 30 | . 3 . . . . 7 3 17 Successful 21 | . 2 . . . . 2 . 17 Failed 9 | . 1 . . . . 5 3 . Catastrophic 2 | . . . . . . 2 . . Database Lockouts . | . . . . . . . . . Manual 9 | . . . . . . 6 3 . Terminals 11 | . 3 . . . . 5 3 . Fabricators . | . . . . . . . . . Repair Stations . | . . . . . . . . . Recycling Units . | . . . . . . . . . Scanalyzers . | . . . . . . . . . Garrison Access 2 | . . . . . . 2 . . Terminal Hacks 20 | . 2 . . . . 1 . 17 Record 17 | . . . . . . . . 17 Locate Traps 1 | . 1 . . . . . . . Zone Layout 2 | . 1 . . . . 1 . . Fabricator Hacks . | . . . . . . . . . Repair Station Hacks . | . . . . . . . . . Recycling Unit Hacks . | . . . . . . . . . Scanalyzer . | . . . . . . . . . Garrison Access Hacks 1 | . . . . . . 1 . . Seal Access 1 | . . . . . . 1 . . Unauthorized Hacks . | . . . . . . . . . Terminals . | . . . . . . . . . Fabricators . | . . . . . . . . . Repair Stations . | . . . . . . . . . Recycling Units . | . . . . . . . . . Scanalyzers . | . . . . . . . . . Garrison Access . | . . . . . . . . . Data Cores Recovered . | . . . . . . . . . Used . | . . . . . . . . . Hacking Detections 5 | . 1 . . . . 3 1 . Full Trace Events 2 | . 1 . . . . 1 . . Feedback Events . | . . . . . . . . . Feedback Blocked . | . . . . . . . . . Robot Schematics Acquired . | . . . . . . . . . Robots Built . | . . . . . . . . . Authchips . | . . . . . . . . . Time . | . . . . . . . . . Total Robot Build Rating . | . . . . . . . . . Part Schematics Acquired . | . . . . . . . . . Parts Built . | . . . . . . . . . Authchips . | . . . . . . . . . Time . | . . . . . . . . . Total Part Build Rating . | . . . . . . . . . Part Studies Acquired . | . . . . . . . . . Parts Repaired . | . . . . . . . . . Time . | . . . . . . . . . Parts Recycled . | . . . . . . . . . Recycled Matter . | . . . . . . . . . Retrieved Matter . | . . . . . . . . . Retrieved Components . | . . . . . . . . . Parts Scanalyzed . | . . . . . . . . . Part Schematics Acquired . | . . . . . . . . . Parts Damaged . | . . . . . . . . . Bothacking | -11 -10 -10 -10 -9 -8 -8 -8 -8 ------------ Run | Yrd Mat Min Exi Min Mat Sto Rec Scr Used RIF Installer . | . . . . . . . . . Robots Hacked . | . . . . . . . . . Non-combat . | . . . . . . . . . Combat . | . . . . . . . . . Robot Hacks Applied . | . . . . . . . . . Relay Couplers Released . | . . . . . . . . . Fabnet Peak Effective % . | . . . . . . . . . Robots Rewired 13 | . . . . . . . 13 . Allies Hacked . | . . . . . . . . . Hacks Repelled . | . . . . . . . . . Allies | -11 -10 -10 -10 -9 -8 -8 -8 -8 -------- Run | Yrd Mat Min Exi Min Mat Sto Rec Scr Total Allies 13 | . . . . . . . 13 . Largest Group 13 | . . . . . . . 13 13 Highest-Rated Group 227 | . . . . . . . 227 227 Highest-Rated Ally 34 | . . . . . . . 34 34 Total Orders 14 | . . . . . . . . 14 STAY 7 | . . . . . . . . 7 ROAM 4 | . . . . . . . . 4 GUARD 1 | . . . . . . . . 1 AID 2 | . . . . . . . . 2 Ally Attacks 16 | . . . . . . . . 16 Total Damage 403 | . . . . . . . . 403 Kills . | . . . . . . . . . Allies Corrupted . | . . . . . . . . . Allies Melted 1 | . . . . . . . . 1 Intel | -11 -10 -10 -10 -9 -8 -8 -8 -8 ------- Run | Yrd Mat Min Exi Min Mat Sto Rec Scr Active Infowar (turns) 1224 | . . . . . 325 785 114 . Sensors 1224 | . . . . . 325 785 114 . Robot Analysis Total . | . . . . . . . . . Derelict Logs Recovered 1 | . . 1 . . . . . . Drone Launches . | . . . . . . . . . Drone Recoveries . | . . . . . . . . . Exploration | -11 -10 -10 -10 -9 -8 -8 -8 -8 ------------- Run | Yrd Mat Min Exi Min Mat Sto Rec Scr Turns Passed 5245 | 63 316 740 117 244 428 785 855 1697 Spaces Moved 2408 | 42 135 192 74 122 200 372 441 830 Core 53 | 11 . . . . . . . 42 Treads 2301 | 31 135 192 74 122 200 372 441 734 Legs . | . . . . . . . . . Wheels . | . . . . . . . . . Hover . | . . . . . . . . . Flight 54 | . . . . . . . . 54 Fastest Speed 32 | 50 160 160 160 160 160 156 155 32 Average Speed 166 | 131 160 160 160 160 160 157 155 183 Slowest Speed 235 | 160 160 160 160 160 160 160 156 235 Overloaded Moves . | . . . . . . . . . Propulsion Burnouts . | . . . . . . . . . Robots Hopped 4 | . . . . . . . . 4 Potential Cave-ins . | . . . . . . . . . Cave-ins Triggered . | . . . . . . . . . Exploration Rate (%) 34 | 4 26 28 10 46 16 43 75 65 Regions Visited 8 Branch Regions 6 Pre-discovered Areas 4 | . . 1 . . . . . 3 Known Exits Taken 4 | . . . . 1 1 1 1 . Unknown Exits Taken 4 | 1 1 1 1 . . . . . Scrap Searched 9 | . . . . 1 . . . 8 Spaces Dug . | . . . . . . . . . Terrain Destroyed 16 | . . . . . 5 11 . . Melee . | . . . . . . . . . Projectile . | . . . . . . . . . AOE 16 | . . . . . 5 11 . . Terrain Rammed . | . . . . . . . . . Walls Destroyed . | . . . . . . . . . Machines Disabled . | . . . . . . . . . Actions | -11 -10 -10 -10 -9 -8 -8 -8 -8 --------- Run | Yrd Mat Min Exi Min Mat Sto Rec Scr Total 3423 | 47 189 597 73 147 271 521 584 994 Wait 688 | . 10 383 . . 34 101 30 130 Move 2392 | 41 134 191 73 121 199 371 440 822 Hop 4 | . . . . . . . . 4 Pick Up 41 | . 11 . . 1 9 10 . 10 Fast Attach 15 | 6 . 1 . 1 4 . . 3 Attach 13 | . 1 . . 5 3 1 . 3 Detach . | . . . . . . . . . Swap 24 | . 3 3 . 3 1 6 2 6 Drop 30 | . 4 4 . 2 3 7 . 10 Fire 116 | . 26 15 . 14 18 25 12 6 Melee . | . . . . . . . . . Ram . | . . . . . . . . . Kick . | . . . . . . . . . Crush 1 | . . . . . . . 1 . Escape Stasis . | . . . . . . . . . Rewire 99 | . . . . . . . 99 . Trap . | . . . . . . . . . Miscellaneous . | . . . . . . . . . Route ------- -11/Scrapyard -10/Materials -10/Mines -10/Exiles -9/Mines -8/Materials -8/Storage -8/Recycling (discovered 2 exits: *Fac / *Scr) -8/Scraptown (discovered 2 exits: *Fac x2) History --------- Turn | Location | Event 7 | -11/Scrapyard | Discovered new exit (range 16) 64 | -11/Scrapyard | Entered Materials 199 | -10/Materials | Discovered new exit (range 17) 315 | -10/Materials | Build established: Mutant 380 | -10/Materials | Entered Mines 381 | -10/Mines | Assembled infested the area 919 | -10/Mines | Learned 2 Materials zone layouts 924 | -10/Mines | Learned location of Storage (-8) 1114 | -10/Mines | Discovered new exit (range 5) 1120 | -10/Mines | Entered Exiles 1160 | -10/Exiles | Met 8R-AWN 1199 | -10/Exiles | Discovered new exit (range 15) 1237 | -10/Exiles | Entered Mines 1301 | -9/Mines | A weapon hastily lodged in a ceiling crevice suddenly fell to the ground 1362 | -9/Mines | Core integrity fell below 50% 1378 | -9/Mines | Core integrity fell below 20% 1379 | -9/Mines | Destroyed YI-UF0 1398 | -9/Mines | Lost 5 parts (1p2n2w) 1457 | -9/Mines | Discovered new exit (range 4) 1462 | -9/Mines | Identified exit to Materials 1481 | -9/Mines | Entered Materials 1481 | -8/Materials | Evolved 4 slots: Propulsion x2, Utility x2 1715 | -8/Materials | Build established: Scavenger-Mutant 1881 | -8/Materials | Discovered new exit (range 6) 1887 | -8/Materials | Identified exit to Storage 1909 | -8/Materials | Entered Storage 2123 | -8/Storage | Used back door to open Recycling access 2123 | -8/Storage | Discovered new exit (range 5) 2692 | -8/Storage | Identified exit to Recycling 2694 | -8/Storage | Entered Recycling 3024 | -8/Recycling | Discovered new exit (range 5) 3220 | -8/Recycling | Scanned before Scraplab entrance 3514 | -8/Recycling | Entered Scraplab 3527 | -8/Recycling | Discovered new exit (range 3) 3528 | -8/Recycling | Identified exit to Scraptown 3549 | -8/Recycling | Entered Scraptown 3549 | -8/Scraptown | Accompanied by 13 allies 3549 | -8/Scraptown | System corruption cleaned by C-Scrubber 3596 | -8/Scraptown | Build established: Commander-Mutant 3871 | -8/Scraptown | Visited Fellowship of the Rings 4075 | -8/Scraptown | Visited Junk Repository 4160 | -8/Scraptown | Visited The Evicted 4211 | -8/Scraptown | Visited Assassins FH 4301 | -8/Scraptown | Visited Bundlers 4531 | -8/Scraptown | Visited Red Mages 4597 | -8/Scraptown | Discovered new exit (range 11) 5177 | -8/Scraptown | Attached CPS modules to Triborg. 5178 | -8/Scraptown | Attacked by Scraptown defenders 5201 | -8/Scraptown | Released all parts (4) 5205 | -8/Scraptown | Core integrity fell below 50% 5214 | -8/Scraptown | Visited Cartography Club 5216 | -8/Scraptown | Learned location of Recycling (-8) 5216 | -8/Scraptown | Learned location of Testing (-3) 5216 | -8/Scraptown | Learned 24 Factory zone layouts 5216 | -8/Scraptown | Learned location of Cetus (-6) 5216 | -8/Scraptown | Learned 8 Access zone layouts 5216 | -8/Scraptown | Learned 16 Research zone layouts 5216 | -8/Scraptown | Learned 4 Storage zone layouts 5216 | -8/Scraptown | Learned 4 Mines zone layouts 5216 | -8/Scraptown | Learned 20 Upper Caves zone layouts 5216 | -8/Scraptown | Learned 4 Recycling zone layouts 5216 | -8/Scraptown | Learned 24 Proximity Caves zone layouts 5216 | -8/Scraptown | Learned location of 2 exits from Research 5216 | -8/Scraptown | Learned location of 3 exits from Lower Caves 5216 | -8/Scraptown | Learned location of 1 exit from Proximity Caves 5216 | -8/Scraptown | Identified exit to Factory 5220 | -8/Scraptown | Lost 8 allies 5231 | -8/Scraptown | Lost 7 parts (1p3n2u1w) 5232 | -8/Scraptown | Visited DA-N13 Charitable Foundation 5237 | -8/Scraptown | Found DCF Scrap (28 items) 5242 | -8/Scraptown | Core integrity fell below 20% 5246 | -8/Scraptown | Destroyed by 03-370(h) with Bolt Gun Last Messages --------------- 05237_ Found Salvaging Laser. 05237_ Found Shotgun. 05237_ Found Katana. 05237_ Found 186 Matter. 05238_ Acquired 70 matter. 05238_ Acquired VTOL Module. 05240_ FB-U80(j): "Are you the baddie?" 05240_ QM-Y0D(r) follow-up attacks with Ripteeth. 05240_ VTOL Module ripped off. 05242_ Machine disabled. 05243_ Optimus: "I've scrapped monstrosities worse than you, to the scrapheap with you!" 05243_ Slug penetrates Optimus. 05244_ Bolt penetrates Machine. 05244_ VTOL Module destroyed. 05244_ Penetrated by Slug. 05244_ Machine disabled. 05245_ Q8-03Y(h): "Why does 0b10 have so many dangerous, evil bots?!" Map ----- +----------------------------------------------------+ | ?????????????????????????????????????????????????? | | ?????????????????????????????????